[Event "*** SCC Grand Prix: Titled Tuesday Blitz"]
[Site "Chess.com"]
[Date "2020.08.11"]
[Round "1"]
[White "ural58"]
[Black "MestreSoares"]
[Result "1-0"]
[WhiteElo "2517"]
[BlackElo "2152"]
[TimeControl "180+1"]
[EndTime "10:07:54 PDT"]
[Termination "ural58 won by resignation"]

1. e4 Nf6 2. e5 Nd5 3. c4 Nb6 4. Nc3 d6 5. exd6 exd6 6. d4 Be7 7. Bd3 O-O 8. Nge2 Bg4 9. f3 Bh5 10. Nf4 Bg6 11. Nxg6 hxg6 12. O-O Bf6 13. Be3 Nc6 14.
d5 Ne5 15. Bxb6 axb6 16. Be2 Re8 17. a3 Nd7 18. Rc1 Nc5 19. b4 Bxc3 20. Rxc3 Nd7 21. g3 Nf6 22. Bd3 Re3 23. Re1 Qe7 24. Kf2 Re8 25. Re2 Rxe2+ 26. Qxe2 Qxe2+ 27. Bxe2 Nd7 28. Bd1 Kf8 29. Ba4 Re7 30. Bxd7 Rxd7 31. a4 Re7 32. a5 bxa5 33. bxa5 Ke8 34. Rb3 c6 35. dxc6 bxc6 36.
Rb8+ Kd7 37. a6 Re5 38. Rb7+ Ke6 39. Rc7 Rc5 40. a7 Ra5 41. g4 g5 42. Kg3 g6 43.
h4 gxh4+ 44. Kxh4 f6 45. f4 c5 46. g5 Ra4 47. Rg7 fxg5+ 48. Kxg5 Ra1 49. Rxg6+ Kd7 50. Rg7+ Kc6 51. f5 Kb6 52. f6 Rg1+ 53. Kh6 Rh1+ 54.
Kg6 Rg1+ 55. Kh7 Rh1+ 56. Kg8 Rf1 57. f7 1-0

[Event "*** SCC Grand Prix: Titled Tuesday Blitz"]
[Site "Chess.com"]
[Date "2020.08.11"]
[Round "1"]
[White "Alexsur1981"]
[Black "mr65"]
[Result "1-0"]
[WhiteElo "2511"]
[BlackElo "2138"]
[TimeControl "180+1"]
[EndTime "10:07:54 PDT"]
[Termination "Alexsur1981 won on time"]

1. e4 e5 2. f4 d5 3. exd5 c6 4. Nc3 exf4 5. Nf3 cxd5 6. d4 Nf6 7. Bxf4 Bd6 8. Bg5 Be7 9. Bd3 O-O 10. O-O Nc6 11.
Ne2 Bg4 12. c3 Ne4 13. Bxe7 Qxe7 14. h3 Bxf3 15. Rxf3 f5 16. Nf4 Qd6 17. Qe2 g5 18. Nxd5 Rae8 19. Bc4 Kh8 20. Re1 Nf6 21. Re3 Rxe3 22.
Nxe3 Re8 23. Qf1 f4 24. Ng4 Rxe1 25. Qxe1 Nxg4 26. Qe8+ Kg7 27. Qf7+ Kh6 28. hxg4 Qe7 29. Qxe7 Nxe7 30. Bd3 b6 31. Be4 Kg7 32. Kf2 Ng8 33.
c4 Nf6 34. Bf3 h5 35. gxh5 g4 36. Bb7 Nxh5 37. c5 bxc5 38. dxc5 Nf6 39. Ke2 Kf7 40. Kd3 Ke7 41. Kd4 Ne8 42. Bc8 f3 43. gxf3 gxf3 44. Ke3 Kf6 45. Bb7 Ke5 46. Bxf3 Nc7 47. Kd3 a5 48. Kc4 Ke6 49. b3 Ke5 50. a3 Ke6 51. b4 axb4 52. axb4 Kd7 53. b5 Kc8 54. b6 Na6 55. Kb5 Nb8 56. c6 Kd8 57. c7+ 1-0

[Event "*** SCC Grand Prix: Titled Tuesday Blitz"]
[Site "Chess.com"]
[Date "2020.08.11"]
[Round "1"]
[White "Onischuk_V"]
[Black "IMAghasiyevKamal"]
[Result "1-0"]
[WhiteElo "2910"]
[BlackElo "2433"]
[TimeControl "180+1"]
[EndTime "10:07:55 PDT"]
[Termination "Onischuk_V won by resignation"]

1. e4 e5 2. Nf3 Nc6 3. Bc4 Bc5 4. d3 Nf6 5. Nbd2 a6 6. Bb3 Ba7 7. O-O d6 8. c3 h6 9. Re1 Bg4 10. h3 Bh5 11. Nf1 g5 12. Ng3 Bg6 13. Nh2 Qe7 14.
Qf3 O-O-O 15. Nf5 Bxf5 16. Qxf5+ Kb8 17. a4 Rhg8 18. Ng4 Nxg4 19. hxg4 Rgf8 20. g3 f6 21. Kg2 Qg7 22. Rh1 Ne7 23. Qf3 c6 24. Ba2 d5 25.
b4 Qg6 26. b5 cxb5 27. axb5 axb5 28. Rb1 dxe4 29. dxe4 Rd7 30. Rxb5 Rfd8 31. Bc4 Nc8 32.
Rd5 Nb6 33. Rxd7 Rxd7 34. Be6 Rd8 35. Bf5 Qg7 36. Rd1 Qe7 37. Ba3 Qe8 38. Bd6+ Ka8 39.
Qe2 Qc6 40. Be7 Rxd1 41. Qxd1 Nc4 42. Qd8+ Bb8 43. Bxf6 Qc7 44. Qxc7 Bxc7 45. Bg7 Ba5 46. Bxh6 Bxc3 47. Bxg5 b5 48. Be6 Nd6 49. Kf3 b4 50. Be7 Nb5 51. Bc5 Bd4 52. Bxb4 Kb7 53. Bd5+ Kc7 54. g5 1-0

[Event "*** SCC Grand Prix: Titled Tuesday Blitz"]
[Site "Chess.com"]
[Date "2020.08.11"]
[Round "1"]
[White "evgenyermolaev"]
[Black "parintele_chess"]
[Result "0-1"]
[WhiteElo "2475"]
[BlackElo "2108"]
[TimeControl "180+1"]
[EndTime "10:07:56 PDT"]
[Termination "parintele_chess won by checkmate"]

1. d4 d5 2. e4 dxe4 3. Nc3 Nf6 4. Bg5 e6 5. Nxe4 Be7 6. Bxf6 Bxf6 7. Nf3 Bd7 8. Bd3 Bc6 9. Qe2 Nd7 10. O-O-O a6 11.
Kb1 O-O 12. h4 b5 13. Ne5 Bb7 14. Nxd7 Qxd7 15. Nxf6+ gxf6 16. Qh5 f5 17. g4 Bxh1 18. gxf5 f6 19. fxe6 Qe7 20. Rxh1 Kh8 21. d5 Rg8 22. Qf5 Qg7 23. a3 Qg6 24. Qf4 Qg7 25. Rh3 Raf8 26.
Bf5 Qg1+ 27. Ka2 Qg2 28. Qh6 Qxd5+ 29. Rb3 Qxf5 30. e7 Re8 31. Re3 Qd5+ 32. b3 Qd1 33. Qxf6+ Rg7 34. Qf8+ Rg8 35. Qf6+ Rg7 36. Kb2 Qd7 37.
Rd3 Qxe7 38. Qf3 Qe5+ 39. Ka2 Rg1 40. Re3 Qa1# 0-1

[Event "*** SCC Grand Prix: Titled Tuesday Blitz"]
[Site "Chess.com"]
[Date "2020.08.11"]
[Round "1"]
[White "Caterpiller35"]
[Black "OK97"]
[Result "0-1"]
[WhiteElo "2421"]
[BlackElo "2868"]
[TimeControl "180+1"]
[EndTime "10:07:57 PDT"]
[Termination "OK97 won by resignation"]

1. d4 Nf6 2. Bg5 d5 3. e3 c5 4. c3 Nc6 5. Nd2 e5 6. dxe5 Nxe5 7. Ngf3 Nc6 8. Bd3 Be7 9. O-O O-O 10. Re1 Be6 11. Qe2 h6 12. Bh4 Re8 13. e4 d4 14.
cxd4 cxd4 15. a3 Nd7 16. Bxe7 Qxe7 17. Rac1 Red8 18. Bb5 Nde5 19. Nxe5 Nxe5 20. f4 d3 21. Qh5 Ng4 22. f5 Nf6 23. Qh4 a6 24. fxe6 axb5 25.
e5 Nd5 26. exf7+ Qxf7 27. e6 Qf4 28. Qxf4 Nxf4 29. e7 Re8 30. Rc7 Ne2+ 31. Kf2 Rac8 32. Rxc8 Rxc8 33. Ke3 Re8 34. Kxd3 Nf4+ 35. Kc3 Nxg2 36.
Re4 Kf7 37. Rg4 Ne3 38. Re4 Nd5+ 39. Kd4 Nf6 40. Rf4 Rxe7 41. Kc5 Re2 42. Rd4 Rxd2 0-1

[Event "*** SCC Grand Prix: Titled Tuesday Blitz"]
[Site "Chess.com"]
[Date "2020.08.11"]
[Round "1"]
[White "sewin16"]
[Black "TheBigBoss04"]
[Result "0-1"]
[WhiteElo "2405"]
[BlackElo "2828"]
[TimeControl "180+1"]
[EndTime "10:07:57 PDT"]
[Termination "TheBigBoss04 won by checkmate"]

1. e4 c5 2. Nf3 d6 3. d4 cxd4 4.
Nxd4 Nf6 5. Nc3 a6 6. Bg5 Nbd7 7. Qe2 h6 8. Bh4 g5 9. Bg3 e6 10. O-O-O Qc7 11. h4 Rg8 12. hxg5 hxg5 13. Kb1 Ne5 14. Nf3 b5 15. Nxe5 dxe5 16. Qf3 Be7 17. Bd3 b4 18.
Ne2 Bb7 19. Qe3 Bc5 20. Qc1 Ng4 21. Rh5 Qe7 22. Rf1 O-O-O 23. Qe1 Nf6 24. Rhh1 Nxe4 25. Bxe5 f6 26. Ng3 Nxg3 27. Bxg3 Rg7 28. f4 gxf4 29.
Rxf4 e5 30. Rc4 Kb8 31. Bh4 Bxg2 32. Rh2 Bd5 33. Bxf6 Qxf6 34. Rxc5 Qd6 35. Qxb4+ Rb7 36. Qa5 e4 37. Rh6 Rg8 38. Rh1 exd3 39. Rxd5 dxc2+ 40. Kc1 Qf4+ 41. Qd2 Qf6 42. Qxc2 Rc8 43. Rc5 Rxc5 44. Qxc5 Qxb2+ 45. Kd1 Qb1+ 46. Qc1 Qd3+ 47. Ke1 Re7+ 48. Kf2 Re2+ 49. Kf1 Qf3+ 50. Kg1 Qg2# 0-1

[Event "*** SCC Grand Prix: Titled Tuesday Blitz"]
[Site "Chess.com"]
[Date "2020.08.11"]
[Round "1"]
[White "teacher4chess"]
[Black "Sergey85Rodchenkov"]
[Result "0-1"]
[WhiteElo "2044"]
[BlackElo "2490"]
[TimeControl "180+1"]
[EndTime "10:07:58 PDT"]
[Termination "Sergey85Rodchenkov won by checkmate"]

1. d4 Nf6 2. c4 e6 3. Nc3 Bb4 4. e3 c5 5. Bd3 Nc6 6. Nf3 d6 7. Bd2 e5 8. d5 Ne7 9. e4 Ng6 10. h3 O-O 11. O-O Bxc3 12. bxc3 h6 13. Qc1 Kh7 14. Rb1 b6 15. Kh2 Nh5 16. g3 Nf6 17. Ng1 Re8 18. Re1 Kg8 19. f4 exf4 20.
gxf4 Nh5 21. Nf3 Nh4 22. Rf1 Bd7 23. Qe1 Ng6 24. f5 Ngf4 25. Bc2 Bxf5 26. Qh4 Qxh4 27. Nxh4 Bxe4 28. Bxe4 Rxe4 29. Bxf4 Nxf4 30. Rf2 Nd3 31. Rg2 Rxh4 32. Rbg1 g5 33. Rg3 Ne5 34. Rf1 Rxc4 35. Rf6 Rd8 36. Rxh6 Kg7 37. Rh5 f6 38. h4 Kg6 39. hxg5 Kxh5 40. gxf6 Rg4 41. Rh3+ Rh4 42. Rxh4+ Kxh4 43. f7 Rf8 44. a4 Rxf7 45. a5 bxa5 46. c4 a4 47. Kg2 a3 48. Kg1 a2 49. Kh2 a1=Q 50. Kg2 Qa2+ 51. Kh1 Rf1# 0-1

[Event "*** SCC Grand Prix: Titled Tuesday Blitz"]
[Site "Chess.com"]
[Date "2020.08.11"]
[Round "1"]
[White "floplover"]
[Black "CheckThis4"]
[Result "1-0"]
[WhiteElo "2299"]
[BlackElo "2616"]
[TimeControl "180+1"]
[EndTime "10:08:00 PDT"]
[Termination "floplover won by checkmate"]

1. d4 Nf6 2. c4 e6 3. Nc3 Bb4 4. Qc2 d5 5. cxd5 exd5 6. Bg5 O-O 7. e3 h6 8. Bxf6 Qxf6 9. a3 Bxc3+ 10. Qxc3 c6 11. Ne2 Re8 12. Ng3 Nd7 13. Bd3 Nf8 14. O-O Ng6 15. b4 Nh4 16. Rfc1 a6 17. a4 Bg4 18.
Rab1 Rac8 19. Rb3 g6 20. Qc2 h5 21. Rc3 Rcd8 22. Rc5 Kg7 23. b5 cxb5 24. axb5 axb5 25. Bxb5 Re6 26. Rc7 Rb6 27. Bd3 Nxg2 28. Kxg2 Bf3+ 29. Kf1 h4 30. Ne2 Qg5 31. Nf4 Rf6 32. Ke1 Re8 33.
Kd2 Rxf4 34. exf4 Qxf4+ 35. Kc3 Be4 36. Kb2 Bf5 37. Bxf5 Qxd4+ 38. Qc3 Re2+ 39. Rc2 Qxc3+ 40. Rxc3 Re5 41. Bd3 d4 42. Rc7 b5 43. Rb7 b4 44.
Rxb4 h3 45. Rxd4 Rg5 46. Rh4 Rg2 47. Rxh3 f5 48. Rg3 Kf6 49. Rxg2 g5 50. Bxf5 g4 51.
Rxg4 Kxf5 52. Rb4 Ke5 53. Rc5+ Kd6 54. Rh5 Kc6 55. Rg4 Kc7 56. Rg6 Kd7 57. Rh7+ Ke8 58.
Rg8# 1-0

[Event "*** SCC Grand Prix: Titled Tuesday Blitz"]
[Site "Chess.com"]
[Date "2020.08.11"]
[Round "1"]
[White "Morshynska"]
[Black "Alberquintin"]
[Result "0-1"]
[WhiteElo "2179"]
[BlackElo "2544"]
[TimeControl "180+1"]
[EndTime "10:08:00 PDT"]
[Termination "Alberquintin won on time"]

1. e4 e5 2. Nf3 Nc6 3. d4 exd4 4. Nxd4 Bc5 5. Nxc6 bxc6 6. Bd3 Qh4 7. Qe2 Nf6 8. Be3 Bxe3 9. Qxe3 O-O 10. O-O d5 11. exd5 cxd5 12. Qg3 Qxg3 13. hxg3 c5 14. b3 Be6 15. Nd2 a5 16. a4 Rfc8 17. Bb5 c4 18.
Nf3 Ne4 19. Nd4 cxb3 20. cxb3 Rc3 21. Rac1 Rac8 22. Nc6 Kf8 23. Rxc3 Nxc3 24. Nxa5 Nxb5 25. axb5 Rb8 26. Nc6 Rxb5 27. Nd4 Rb4 28. Rd1 Rb6 29. f3 Ke7 30. Kf2 Kd6 31. Ra1 Rb7 32. Ra6+ Ke7 33. g4 g5 34. Ke3 Rc7 35. Kd2 Rb7 36.
Ra8 Kf6 37. Ra6 Kg7 38. Nxe6+ fxe6 39. Rxe6 Rxb3 40. Ke1 Rb2 41. Kf1 d4 42. Rd6 Rd2 43. g3 d3 44. f4 h6 45. f5 Kh7 46. Ke1 Re2+ 47. Kf1 Re4 48. Rxd3 Rxg4 49. Kg2 Ra4 50. Kf3 g4+ 51. Ke3 Kg7 52. Rd6 h5 53. Rg6+ Kf7 0-1

[Event "*** SCC Grand Prix: Titled Tuesday Blitz"]
[Site "Chess.com"]
[Date "2020.08.11"]
[Round "1"]
[White "ShadowJolteon"]
[Black "QuintilianoR"]
[Result "0-1"]
[WhiteElo "2298"]
[BlackElo "2642"]
[TimeControl "180+1"]
[EndTime "10:08:01 PDT"]
[Termination "QuintilianoR won on time"]

1. d4 d5 2. c4 c6 3. Nf3 Nf6 4. cxd5 cxd5 5. Nc3 Nc6 6. e3 e6 7. Bd3 Bd6 8. O-O O-O 9. a3 e5 10. dxe5 Nxe5 11. Nxe5 Bxe5 12. e4 dxe4 13. Nxe4 Nxe4 14.
Bxe4 Bxh2+ 15. Kxh2 Qh4+ 16. Kg1 Qxe4 17. Re1 Qg6 18. Qf3 Bd7 19. Bf4 Bc6 20. Qg3 Rfe8 21.
Qxg6 hxg6 22. f3 f6 23. Kf2 Kf7 24. Rad1 g5 25. Bd6 Rad8 26. Rxe8 Rxe8 27. Re1 Rd8 28.
Re7+ Kg6 29. Bb4 Rd5 30. Bc3 Rf5 31. Kg3 Rd5 32. Rc7 Rd3 33. Re7 Rd1 34. Rc7 Rg1 35. Kf2 Rh1 36. Kg3 Rh7 37. Kf2 g4 38. Kg3 gxf3 39.
gxf3 Rh1 40. Kg2 Rh5 41. Kg3 Rg5+ 42. Kf2 Rf5 43. Ke2 Bxf3+ 44. Ke3 Bc6 45. b4 Rf3+ 46. Kd2 a6 47. Bd4 Rf5 48. Bc5 Rd5+ 49. Ke3 Rd7 50. Rc8 Kf7 51. Rf8+ Ke6 52. Rh8 Kf5 53. Rf8 g5 0-1

[Event "*** SCC Grand Prix: Titled Tuesday Blitz"]
[Site "Chess.com"]
[Date "2020.08.11"]
[Round "1"]
[White "sergiochess83"]
[Black "MasterKroket"]
[Result "1-0"]
[WhiteElo "2827"]
[BlackElo "2404"]
[TimeControl "180+1"]
[EndTime "10:08:02 PDT"]
[Termination "sergiochess83 won by resignation"]

1. e4 c5 2. Nf3 e6 3. d4 cxd4 4.
Nxd4 Nc6 5. Nc3 Qc7 6. Be3 a6 7. Qf3 b5 8. Qg3 Qxg3 9. hxg3 Nf6 10. f3 Bb4 11. Nxc6 dxc6 12. g4 Nd7 13. O-O-O Ke7 14. Be2 Bb7 15. g5 f6 16. Rh4 h6 17. gxh6 g5 18.
Rhh1 Ne5 19. Bb6 Bd6 20. a4 Rag8 21. Rh5 Ng6 22. Be3 Nf4 23. Bxf4 Bxf4+ 24. Kb1 Rd8 25.
Rxd8 Rxd8 26. Bd3 e5 27. Ne2 Rh8 28. Nxf4 gxf4 29. b4 Kf7 30. c4 Kg6 31. Rh2 Rxh6 32.
Rxh6+ Kxh6 33. cxb5 cxb5 34. axb5 axb5 35. Bxb5 Bc8 36. Kc2 Kg5 37. Kd2 Kh4 38. Ke2 Kg3 39.
Kf1 f5 40. Bd3 fxe4 41. Bxe4 Ba6+ 42. Kg1 Bb5 43. Bd5 Kh4 44. Kf2 Kg5 45. Be4 Kh4 46. Bf5 Kg5 47. Bc2 Kh4 48. Be4 Kg5 49. g4 fxg3+ 50.
Kxg3 Kh5 51. Kf2 Kg5 52. Ke3 Kf6 53. Bd3 Ke6 54. Bxb5 1-0

[Event "*** SCC Grand Prix: Titled Tuesday Blitz"]
[Site "Chess.com"]
[Date "2020.08.11"]
[Round "1"]
[White "BocharovD"]
[Black "PavelChernomordik"]
[Result "0-1"]
[WhiteElo "2684"]
[BlackElo "2365"]
[TimeControl "180+1"]
[EndTime "10:08:02 PDT"]
[Termination "PavelChernomordik won by resignation"]

1. d4 d5 2. c4 Nc6 3. Nf3 Bg4 4.
Nc3 e6 5. Bf4 a6 6. e3 Nge7 7. h3 Bh5 8. Bh2 dxc4 9. Bxc4 b5 10. Be2 Nd5 11. Nxd5 Qxd5 12. O-O Bd6 13. Rc1 Bxh2+ 14.
Nxh2 Bxe2 15. Qxe2 O-O 16. Rc5 Qd6 17. Rfc1 Nb4 18.
a3 Nd5 19. Nf3 Rac8 20. e4 Nf4 21. Qe3 Ng6 22. Rc6 Qd7 23. h4 f6 24. h5 Ne7 25.
R6c5 c6 26. h6 g6 27. R5c2 Rfd8 28. Qf4 Rf8 29. Qe3 Rfd8 30. Rc3 Qd6 31. Rc5 a5 32. e5 fxe5 33. Rxe5 Nf5 34. Qe2 Nxd4 35. Nxd4 Qxd4 36. Rxe6 Rf8 37. Rd1 Qf4 38. Re7 Qxh6 39. Qe6+ Kh8 40. Qe5+ Kg8 41. g3 Rcd8 42. Qe6+ Kh8 43.
Qe5+ Kg8 44. Rxd8 Rxd8 45. Qe6+ Kh8 46. Rf7 Rd1+ 0-1

[Event "*** SCC Grand Prix: Titled Tuesday Blitz"]
[Site "Chess.com"]
[Date "2020.08.11"]
[Round "1"]
[White "Sanan_Sjugirov"]
[Black "bsnsun"]
[Result "1-0"]
[WhiteElo "2821"]
[BlackElo "2403"]
[TimeControl "180+1"]
[EndTime "10:08:03 PDT"]
[Termination "Sanan_Sjugirov won by resignation"]

1. e4 c5 2. Nf3 d6 3. d4 cxd4 4. Nxd4 Nf6 5. Nc3 a6 6. h3 e6 7. g4 h6 8. Be3 b5 9. Bg2 Bb7 10. a3 Nbd7 11. O-O Nc5 12. f3 Rc8 13. Qe2 Be7 14.
Rad1 Qc7 15. Qf2 d5 16. exd5 Nxd5 17. Nxd5 Bxd5 18. Nf5 O-O 19. Nxe7+ Qxe7 20. Rfe1 Rfd8 21. Rd2 Na4 22. Bd4 Nc5 23. Red1 Nd7 24. Qe3 Nf8 25. Bc3 Ng6 26. Qd4 f6 27. Qe3 Rc4 28. Rd4 Rdc8 29. Bf1 Rxd4 30. Rxd4 Ne5 31. Be2 Nc4 32. Bxc4 Rxc4 33. Rxd5 Rc6 34. Rd2 Qc7 35. Kg2 e5 36. Qd3 Rc4 37. Qd8+ Qxd8 38. Rxd8+ Kf7 39. Rd3 Rc7 40.
Kf2 Ke6 41. Ke3 g6 42. h4 f5 43. gxf5+ gxf5 44. Rd1 Rg7 45. Kf2 Rg6 46. Bb4 Kf7 47. Rd7+ Ke8 48. Re7+ Kd8 49. Rxe5 1-0

[Event "*** SCC Grand Prix: Titled Tuesday Blitz"]
[Site "Chess.com"]
[Date "2020.08.11"]
[Round "1"]
[White "pooh2012"]
[Black "vinniethepooh"]
[Result "0-1"]
[WhiteElo "2353"]
[BlackElo "2711"]
[TimeControl "180+1"]
[EndTime "10:08:03 PDT"]
[Termination "vinniethepooh won by resignation"]

1. d4 Nf6 2. Nc3 d5 3. Bf4 e6 4. e3 Bd6 5. Bg3 O-O 6. f4 Bb4 7. Bd3 c5 8. Kf1 c4 9. Be2 Bxc3 10.
bxc3 Ne4 11. Be1 g5 12. Bf3 f5 13. fxg5 Qxg5 14. Qe2 Nc6 15. Nh3 Qg7 16. Nf4 Bd7 17.
Rb1 b6 18. g3 Rae8 19. Kg2 Kh8 20. Rg1 Ne7 21. Kh1 Ng8 22. g4 Qf7 23. Bxe4 fxe4 24. Bh4 e5 25. dxe5 Rxe5 26. Rbf1 Qe8 27. Bg3 Nf6 28.
Bh4 Ng8 29. g5 Ne7 30. Qd2 Ref5 31. Qd4+ Kg8 32. Qd2 Qf7 33. Qg2 Ng6 34. Bg3 Bc8 35.
Nh5 Rxf1 36. Nf6+ Rxf6 37. gxf6 Qxf6 38. h4 Bg4 39. Kh2 Qf3 40. h5 Qxg2+ 41. Rxg2 Bxh5 42. Be5 Bf3 43. Rg3 Rf5 44. Bd4 Rh5+ 45. Kg1 Rh1+ 46. Kf2 Kf7 0-1

[Event "*** SCC Grand Prix: Titled Tuesday Blitz"]
[Site "Chess.com"]
[Date "2020.08.11"]
[Round "1"]
[White "Yashasd1995"]
[Black "tylityli"]
[Result "1-0"]
[WhiteElo "2523"]
[BlackElo "2156"]
[TimeControl "180+1"]
[EndTime "10:08:04 PDT"]
[Termination "Yashasd1995 won on time"]

1. b3 e5 2. Bb2 Nc6 3. e3 Nf6 4. Bb5 Bd6 5. Na3 a6 6. Be2 b5 7. c4 b4 8. Nc2 Be7 9. d4 d6 10. Nf3 e4 11. Nd2 O-O 12. d5 Ne5 13. Nxb4 a5 14.
Bxe5 dxe5 15. Nc6 Qd6 16. Qc2 Bd7 17. Nxe7+ Qxe7 18. Nxe4 Nxe4 19. Qxe4 Qb4+ 20. Kf1 Qc3 21. Rb1 a4 22. Qd3 Qb4 23. g3 Bh3+ 24. Kg1 axb3 25. axb3 Ra2 26. Bf1 Bd7 27. Bg2 f5 28. Bf3 e4 29.
Qd1 exf3 30. Qxf3 Ra3 31. Kg2 Rxb3 32. Rxb3 Qxb3 33. Rc1 Qb2 34. Rd1 Qe5 35. Rd4 Rb8 36.
c5 h6 37. c6 Be8 38. Qf4 Qxf4 39. Rxf4 g6 40. g4 fxg4 41. Rxg4 Kg7 42. h4 Kf6 43. e4 Ke5 44. f3 Rb2+ 45. Kg3 Rb3 46. Rf4 Rb1 47. Rf8 Rb8 48. Kf2 Kd6 49. Ke3 Ke7 50. Rh8 Rb3+ 51. Kf4 g5+ 52. hxg5 hxg5+ 53. Kg4 Bf7 54.
Rh7 Kf6 55. e5+ Kg6 56. Rh5 Bxd5 57. Rxg5+ Kf7 58. f4 Ke6 59. Rg6+ Ke7 60. Rh6 Rc3 61. Rh7+ Ke8 62. Rxc7 Rxc6 63. Ra7 Rc4 64. Kg5 Rc7 65. Rxc7 1-0

[Event "*** SCC Grand Prix: Titled Tuesday Blitz"]
[Site "Chess.com"]
[Date "2020.08.11"]
[Round "1"]
[White "Terao90"]
[Black "ManuDavid2910"]
[Result "1-0"]
[WhiteElo "2316"]
[BlackElo "2630"]
[TimeControl "180+1"]
[EndTime "10:08:07 PDT"]
[Termination "Terao90 won by resignation"]

1. e4 c5 2. Nf3 Nc6 3. d4 cxd4 4. Nxd4 e5 5. Nb5 d6 6. c4 a6 7. N5a3 Be6 8. Nc3 Nf6 9. Be2 Rc8 10. O-O Be7 11.
Bg5 Nd4 12. Be3 Nxe2+ 13. Qxe2 O-O 14. f3 Nd7 15. Rfd1 g6 16. Nd5 f5 17. exf5 gxf5 18. Nc2 Bg5 19. Bf2 Nf6 20. Ncb4 e4 21. Nxf6+ Qxf6 22. Nd5 Bxd5 23. Rxd5 e3 24. Be1 Qe6 25.
Bb4 Be7 26. Rad1 Rc6 27. a4 Rfc8 28. b3 Rb6 29. Qe1 e2 30. R1d3 Rxb4 31. Kf2 a5 32.
Rxa5 d5 33. Raxd5 Qb6+ 34. Kxe2 Bf6 35. Qd1 Re8+ 36. Kf1 Bh4 37. g3 Bf6 38. Rxf5 Qe6 39. g4 Rb6 40. Rfd5 Be7 41. Qe2 Qf7 42. Re3 Rc6 43.
Rde5 Rc7 44. Kg2 Rd7 45. R3e4 Kf8 46. Rf5 Red8 47. Rxf7+ Kxf7 48. Kg3 Rd2 49. Rxe7+ Kg6 50. Qe4+ Kg5 51. h4+ Kf6 52. Qe5+ 1-0

[Event "*** SCC Grand Prix: Titled Tuesday Blitz"]
[Site "Chess.com"]
[Date "2020.08.11"]
[Round "1"]
[White "Matveev_Vladimir"]
[Black "anon569"]
[Result "0-1"]
[WhiteElo "2655"]
[BlackElo "2346"]
[TimeControl "180+1"]
[EndTime "10:08:08 PDT"]
[Termination "anon569 won by resignation"]

1. d4 Nf6 2. c4 e6 3. Nf3 Bb4+ 4. Bd2 c5 5. g3 Nc6 6. Bg2 Qb6 7. O-O Bxd2 8. Nbxd2 cxd4 9. Nb3 e5 10. c5 Qc7 11. Nh4 d6 12. f4 dxc5 13. Nxc5 O-O 14. Rc1 Ng4 15. Qb3 Ne3 16. Rf2 Nxg2 17. Kxg2 b6 18. Ne4 Bb7 19. Kg1 Qd7 20. Ng5 Na5 21. Qd3 f5 22. fxe5 Qd5 23. Ng2 h6 24. Nf3 Nc6 25.
Nf4 Qe4 26. Qb3+ Kh7 27. e6 Ne5 28. Rcf1 Ng4 29. h3 Nxf2 30. Rxf2 Rac8 31. Nd3 Rc6 32. e7 Re6 33. Qa3 Re8 34. Qxa7 Rg6 35. Kg2 Rxe7 36. Qxb6 f4 37. Qxd4 Rxg3+ 38. Kf1 Qxd4 39. Nxd4 Rxh3 40. Ke1 Rxd3 41. Nf5 Re5 42. Nh4 Rd8 43. Rxf4 Rb5 44. Kf2 Bd5 45. Nf5 Rxb2 46. Rd4 Be6 47. Rxd8 Bxf5 48. a4 Ra2 49. Rd4 Bc2 50. Rd2 Bb3 51. Rd3 Bxa4 52. Rd4 Bb5 53. Re4 Bxe2 54. Rxe2 Rxe2+ 55. Kxe2 Kg6 0-1

[Event "*** SCC Grand Prix: Titled Tuesday Blitz"]
[Site "Chess.com"]
[Date "2020.08.11"]
[Round "1"]
[White "tptagain"]
[Black "vova-79"]
[Result "0-1"]
[WhiteElo "2926"]
[BlackElo "2456"]
[TimeControl "180+1"]
[EndTime "10:08:09 PDT"]
[Termination "vova-79 won by resignation"]

1. Nf3 d5 2. g3 c6 3. Bg2 Bg4 4. O-O Nd7 5. d3 e6 6. e4 Bd6 7. h3 Bh5 8. exd5 cxd5 9. c4 Ne7 10. Nc3 O-O 11. cxd5 Nxd5 12. Nxd5 exd5 13. Qb3 Nc5 14. Qxd5 Bg6 15. d4 Be4 16. Qg5 Nd3 17. Be3 Nxb2 18.
Qb5 Qb6 19. Qxb6 axb6 20. Nd2 Bxg2 21. Kxg2 Rfc8 22. Rfc1 h6 23. Ne4 Ba3 24. d5 b5 25.
Rxc8+ Rxc8 26. Rb1 f5 27. Nd2 Rc2 28. Nf3 Nc4 29.
Bf4 g5 30. Bc7 Ne3+ 31. Kg1 Nxd5 32. Be5 Rc1+ 33. Rxc1 Bxc1 34. Nd4 Nb4 35. Nxf5 Nxa2 36. Nxh6+ Kh7 37. Nf5 b4 38. Nd6 b3 39. Nc4 b5 40.
Nb2 Bxb2 41. Bxb2 Nb4 42. Kf1 Nd3 43. Bd4 b2 44. Bxb2 Nxb2 45. Ke2 b4 46. Kd2 Na4 47. Kc2 Nc5 48. f3 Kg6 49. Kb2 Kf5 50. Kc2 Ke5 51.
Kb2 Kd4 52. h4 gxh4 53. gxh4 Kc4 54. h5 Ne6 55. h6 Nf8 56. f4 Nh7 57. f5 b3 58. Kb1 Kc3 59. Kc1 b2+ 60. Kb1 Kb3 61. f6 Nxf6 62. h7 Nd5 63. h8=Q Nc3+ 64. Qxc3+ Kxc3 65. Ka2 Kc2 66. Ka3 b1=Q 0-1

[Event "*** SCC Grand Prix: Titled Tuesday Blitz"]
[Site "Chess.com"]
[Date "2020.08.11"]
[Round "1"]
[White "Ermito2020"]
[Black "jerry_77"]
[Result "1-0"]
[WhiteElo "2667"]
[BlackElo "2324"]
[TimeControl "180+1"]
[EndTime "10:08:09 PDT"]
[Termination "Ermito2020 won by resignation"]

1. e4 c6 2. d4 d5 3. e5 c5 4. Nf3 Nc6 5. c4 cxd4 6. Nxd4 dxc4 7. Nxc6 Qxd1+ 8. Kxd1 bxc6 9. Bxc4 Bb7 10. Nc3 e6 11. Kc2 Ne7 12. Bg5 Nd5 13. Nxd5 exd5 14. Be2 Bc5 15.
Rhf1 Bd4 16. f4 h6 17. Bh4 g5 18. Bg3 Rg8 19. Bh5 Ba6 20. e6 O-O-O 21. Bxf7 Rh8 22.
e7 Rde8 23. Bxe8 Rxe8 24. Rfe1 Kd7 25. fxg5 hxg5 26. Rad1 Bf6 27. Bf2 Bxe7 28. Bxa7 g4 29. Bf2 Rh8 30. Bg3 Bb7 31. Rd4 Rg8 32. Rf4 Rg7 33.
Rf5 c5 34. a4 d4 35. a5 Bxg2 36. a6 c4 37. a7 Bb4 38. Ra1 Be4+ 39. Kd1 Rg8 40.
Rf4 Ba8 41. Rxd4+ Kc6 42. Rxc4+ Kb5 43. Rxb4+ Kxb4 44. Kc2 Rc8+ 45. Kd2 Rd8+ 46. Ke3 Re8+ 47. Kf4 Kb3 48. Kxg4 Kxb2 49. Ra5 Kb3 50. h4 Kb4 51. Ra1 Kc5 52. h5 Kd5 53. h6 Ke6 54. Kg5 Kf7 55.
Rf1+ Kg8 56. Rf5 Kh7 57. Rf7+ Kh8 58. Rc7 Rg8+ 59. Kh4 Bf3 60. Be5+ 1-0

[Event "*** SCC Grand Prix: Titled Tuesday Blitz"]
[Site "Chess.com"]
[Date "2020.08.11"]
[Round "1"]
[White "Yoshikrov"]
[Black "BursaBBSatranc"]
[Result "0-1"]
[WhiteElo "2141"]
[BlackElo "2512"]
[TimeControl "180+1"]
[EndTime "10:08:11 PDT"]
[Termination "BursaBBSatranc won on time"]

1. e4 e5 2. Nf3 Nf6 3. Nxe5 d6 4. Nf3 Nxe4 5. Nc3 Nxc3 6. dxc3 Be7 7. Bd3 O-O 8. Be3 Nc6 9. Qd2 Be6 10. O-O-O Qd7 11. Kb1 Rfe8 12. Rhe1 Bf6 13. h3 Bf5 14. Bxf5 Qxf5 15.
Nd4 Bxd4 16. cxd4 Qd5 17. g3 Re4 18. Qd3 b5 19. Qb3 Qxb3 20. axb3 Rae8 21. c3 d5 22. Bd2 f5 23. Rxe4 fxe4 24. Kc2 Rf8 25. Be3 Kf7 26. Ra1 Ke6 27. Ra5 Rb8 28. Ra1 Kd7 29. Rd1 Rf8 30.
Ra1 h6 31. h4 h5 32. Rd1 g6 33.
Ra1 Ra8 34. Rd1 a5 35. Ra1 Rf8 36. Rd1 Ke6 37. Kd2 a4 38. bxa4 bxa4 39. Ra1 Rb8 40. Kc2 Ra8 41. Re1 Na5 42. Rf1 Nc4 43. Bc1 Rf8 44. b3 axb3+ 45. Kxb3 Rf3 46. Kb4 Kd6 47.
Bf4+ Kd7 48. Kc5 c6 49. Kb4 e3 50. Ra1 exf2 51. Ra7+ Ke6 0-1

[Event "*** SCC Grand Prix: Titled Tuesday Blitz"]
[Site "Chess.com"]
[Date "2020.08.11"]
[Round "1"]
[White "okriak"]
[Black "boasovietica"]
[Result "1/2-1/2"]
[WhiteElo "2761"]
[BlackElo "2398"]
[TimeControl "180+1"]
[EndTime "10:08:12 PDT"]
[Termination "Game drawn by repetition"]

1. Nf3 c5 2. e4 g6 3. d4 cxd4 4. Nxd4 Bg7 5. Nc3 Nc6 6. Be3 Nf6 7. Bc4 O-O 8. Bb3 d6 9. f3 Bd7 10. h4 h5 11. Qd2 Na5 12. O-O-O Nxb3+ 13. cxb3 Qa5 14. Kb1 Rfc8 15. Bg5 Be6 16. Bxf6 Bxf6 17. Nd5 Qxd2 18. Nxf6+ exf6 19. Rxd2 Rd8 20. Nb5 d5 21. exd5 Bf5+ 22. Kc1 a6 23. Nc3 Rac8 24. Re1 Kf8 25. Rd4 Rc7 26. Kd2 Rcd7 27. b4 Be6 28. Re3 Bf5 29. a4 Be6 30. Red3 Ke7 31. Ke3 Bf5 32. Ne4 Bxe4 33. fxe4 Kd6 34. Rc3 Re7 35. Kf4 Rde8 36. b5 axb5 37. axb5 Re5 38. b6 f5 39. exf5 Rxf5+ 40. Kg3 Rxd5 41. Rxd5+ Kxd5 42. Rc7 Re3+ 43. Kf4 Rb3 44.
Rxb7 Rxb2 45. g3 Kc6 46. Rb8 Rb4+ 47. Kf3 Rg4 48. Rf8 f5 49. Rf6+ Kb7 50. Kf2 Kb8 51. Rf7 Ka8 52. b7+ Kb8 53. Rg7 Ka7 54. Kf3 Kb8 55.
Re7 Ka7 56. Rd7 Kb8 57. Kf2 f4 58. gxf4 Rxf4+ 59. Kg3 Rg4+ 60. Kh3 Ka7 61. Rg7 Kb8 62. Rf7 Ka7 63. Rg7 Kb8 64. Rf7 Ka7 65. Rg7 1/2-1/2